 Dungeon Crawl Stone Soup version 0.14-a0-882-gdff4d47 (console) character file.

170 Kellhus the Ruinous (level 4, -1/25 HPs)
             Began as an Octopode Wizard on Nov 17, 2013.
             Shot with a stone by a gnoll (3 damage)
             ... on Level 2 of the Dungeon.
             The game lasted 00:01:43 (1607 turns).

Kellhus the Ruinous (Octopode Wizard)               Turns: 1607, Time: 00:01:43

HP  -1/25        AC  1     Str  6      XL: 4   Next: 16%
MP   0/11        EV 12     Int 21      God:
Gold 103         SH  0     Dex 10      Spells:  1 memorised,  8 levels left

Res.Fire  : . . .   See Invis. : .   (no weapon)
Res.Cold  : . . .   Warding    : .   (no shield)
Life Prot.: . . .   Conserve   : .   b - +0 wizard hat
Res.Poison: .       Res.Corr.  : .   (no amulet)
Res.Elec. : .       Clarity    : .   (no ring)
Sust.Abil.: . .     Spirit.Shd : .   (no ring)
Res.Mut.  : .       Stasis     : .   (no ring)
Res.Rott. : .       Flight     : .   (no ring)
Saprovore : . . .                    (no ring)
                                     (no ring)
                                     (no ring)
                                     (no ring)

@: slightly resistant to hostile enchantments, stealthy
A: almost no armour, amphibious, 8 rings, constrict 8, camouflage 1, AC +1
a: no special abilities


You were on level 2 of the Dungeon.
You were not hungry.

You visited 1 branch of the dungeon, and saw 2 of its levels.

You collected 103 gold pieces.

Inventory:

Armour
 b - a +0 wizard hat (worn)
Comestibles
 d - 3 bread rations
 i - 2 pears
Scrolls
 a - a scroll of enchant armour {unknown}
 f - 3 scrolls of identify {unknown}
 g - a scroll of remove curse {unknown}
 k - a scroll of curse armour {unknown}
 l - 2 scrolls of fear {unknown}
 m - a scroll of amnesia {unknown}
 o - a scroll of curse jewellery {unknown}
Potions
 e - 2 potions of magic {unknown}
 h - a potion of paralysis {unknown}
 j - a potion of cure mutation {unknown}
 n - a potion of speed {unknown}
 p - 2 potions of brilliance {unknown}
 q - a potion of flight {unknown}
 r - a potion of heal wounds {unknown}
 s - a potion of curing {unknown}
Books
 c - a book of Minor Magic

   Spells                             Type                      Level
   *Magic Dart                        Conjuration                  1
   Blink                              Translocation                2
   Call Imp                           Summoning                    2
   Repel Missiles                     Charms/Air                   2
   Slow                               Hexes                        2
   Conjure Flame                      Conjuration/Fire             3
   Mephitic Cloud                     Conjuration/Poison/Air       3


   Skills:
 - Level 2.0 Dodging
 - Level 2.6 Stealth
 - Level 3.0 Spellcasting
 + Level 3.9 Conjurations
   Level 1.0 Summonings
   Level 1.0 Translocations


You had 8 spell levels left.
You knew the following spells:

 Your Spells              Type           Power        Failure   Level  Hunger
a - Magic Dart            Conj           ###.         2%          1    None


Dungeon Overview and Level Annotations

Branches:
Dungeon (2/16)

Altars:


Innate Abilities, Weirdness & Mutations

You cannot wear most types of armour.
You are amphibious.
You can wear up to eight rings at the same time.
You can use your tentacles to constrict many enemies at once.
Your skin changes colour to match your surroundings (Stlth).
Your rubbery body absorbs attacks (AC +1).


Message History

Press: ? - help, Shift-Dir - straight line, f/p - gnoll
Aim: a gnoll, wielding a sling (moderately wounded)
The magic dart hits the gnoll.
The gnoll is heavily wounded.
The gnoll shoots a stone.
The stone hits you!
* * * LOW HITPOINT WARNING * * *
Casting: Magic Dart
Confirm with . or Enter, or press ? or * to list all spells.
Aiming: Magic Dart
Press: ? - help, Shift-Dir - straight line, f/p - gnoll
Aim: a gnoll, wielding a sling (heavily wounded)
The magic dart hits the gnoll.
The gnoll is almost dead.
The gnoll shoots a stone.
The stone hits you!
* * * LOW HITPOINT WARNING * * *
You see here a stone.
Drink which item? (? for menu, Esc to quit)
Okay, then.
The gnoll shoots a stone.
The stone hits you!
You die...

####....####..........###....#
#..)## ##.......#.####.#.#
###.# ##.....##........# #.#
##...##########.### #.# ##'##
#...# #.# #.# #...# #.# #.###
#...# #(# ##.#.#### ##.##
####.#### ##.@.....# #.#
#.......# #.(...##.# #.#
#.##.##.# ##.(..##.# #.#
#.##.##.######.#.##.#######.#
#.##.............##.........#
#.#####.######(####.#########
#.).....# #(# #.# #########
#g####.# #......#


You could see a gnoll.

Vanquished Creatures
  2 adders (D:2)
  2 gnolls (D:2)
  A giant gecko (D:2)
  2 giant cockroaches (D:1)
  3 hobgoblins
  4 bats
  2 giant newts
  5 goblins
  3 jackals (D:2)
  6 kobolds
  3 rats (D:1)
33 creatures vanquished.

Notes
Turn   | Place    | Note
--------------------------------------------------------------
     0 | D:1      | Kellhus, the Octopode Wizard, began the quest for the Orb.
     0 | D:1      | Reached XP level 1. HP: 9/9 MP: 5/5
   348 | D:1      | Reached XP level 2. HP: 15/15 MP: 5/7
   880 | D:2      | Reached XP level 3. HP: 12/19 MP: 1/9
  1578 | D:2      | Reached XP level 4. HP: 15/25 MP: 1/11
  1607 | D:2      | Shot with a stone by a gnoll

Action                   |  1- 3 |  4- 6 || total
-------------------------+-------+-------++-------
Melee: Unarmed           |     3 |       ||     3
 Cast: Magic Dart        |    72 |     6 ||    78
